Map: Ruins of Seras

Players

juju - Winner!

  • Race: Protoss Protoss
  • League: Bronze

wabbajack

  • Race: Terran Terran
  • League: Gold

VOD

Have the link to the VOD?

Description

Time

  • Played on: July 17, 2015, 12:35 p.m.
  • Length: 9:57
Show
View Real Time Build Order
Export as new Build Order

juju Protoss - Winner!

Build Orders: Zealot Archon 

Get SALT Encoding   

  12  0:01  Probe  
  13  0:13  Probe  
  14  0:20  Pylon  
  14  0:38  Probe  
  14  0:39  Gateway  
  14  0:42  Assimilator  
  15  0:52  Gateway  
  15  0:55  Probe  
  16  1:07  Probe  
  17  1:20  Probe (Chrono Boost)  
  18  1:28  Cybernetics Core  
  18  1:29  Pylon  
  18  1:32  Probe (Chrono Boost)  
  19  1:41  Gateway  
  19  1:50  Probe  
  20  2:02  Probe  
  20  2:05  Adept x2 (Chrono Boost)  
  20  2:07  Warp Gate (Chrono Boost)  
  25  2:24  Probe  
  25  2:26  Assimilator  
  25  2:28  Adept  
  28  2:44  Nexus  
  28  2:51  Pylon  
  28  3:04  Probe  
  29  3:17  Mothership Core  
  31  3:49  Twilight Council  
  31  3:50  Gateway  
  31  3:53  Gateway x2  
  31  3:58  Probe (Chrono Boost)  
  33  4:06  Probe (Chrono Boost)  
  33  4:08  Probe (Chrono Boost)  
  34  4:13  Probe (Chrono Boost), Pylon  
  34  4:15  Probe  
  34  4:47  Stalker x3  
  34  4:52  Assimilator  
  40  4:53  Assimilator  
  40  4:57  Charge (Chrono Boost)  
  40  5:02  Templar Archives  
  40  5:27  Stalker x2  
  44  5:29  Adept x3  
  50  5:46  Pylon  
  50  5:52  Probe (Chrono Boost)  
  51  6:02  Probe (Chrono Boost)  
  52  6:09  Probe  
  53  6:12  Zealot  
  53  6:13  Zealot x2  
  57  6:22  Probe  
  48  6:47  High Templar x5  
  48  6:49  Zealot  
  60  6:55  Archon  
  60  6:56  Archon  
  60  7:00  Nexus  
  60  7:03  Pylon  
  60  7:07  Probe x2 (Chrono Boost)  
  62  7:15  Psionic Storm  
  60  7:24  Zealot x2  
  60  7:26  Zealot  
  60  7:29  Sentry  
  68  7:41  Probe  
  69  7:50  High Templar x2  
  73  7:59  Probe (Chrono Boost)  
  73  8:00  Probe (Chrono Boost)  
  75  8:09  Probe (Chrono Boost)  
  75  8:12  Probe (Chrono Boost)  
  77  8:13  Pylon  
  77  8:15  Pylon  
  77  8:19  Pylon  
  77  8:21  Probe  
  78  8:27  Stalker x2  
  78  8:30  Sentry x2  
  78  8:51  Archon  
  76  9:02  Stalker  
  76  9:03  Stalker x5  
  66  9:30  Zealot x6  
Show
View Real Time Build Order
Export as new Build Order

wabbajack Terran 

Build Orders: Command Center First (CC), MMM Bio 

Get SALT Encoding   

  12  0:01  SCV  
  13  0:13  SCV  
  14  0:27  Supply Depot  
  14  0:32  SCV  
  15  0:48  SCV  
  16  1:00  SCV  
  17  1:09  Command Center  
  17  1:12  SCV  
  18  1:24  Barracks  
  18  1:29  Barracks  
  18  1:34  SCV  
  19  1:40  Refinery  
  19  1:47  SCV  
  20  2:00  SCV  
  21  2:16  Orbital Command  
  21  2:17  Marine x2  
  21  2:21  Orbital Command  
  23  2:26  Supply Depot  
  23  2:32  Bunker  
  23  2:49  Barracks Tech Lab  
  23  2:50  Marine  
  24  3:06  SCV x2  
  24  3:07  Factory  
  24  3:10  Refinery  
  24  3:11  Marine  
  27  3:13  Marine  
  28  3:21  Barracks  
  29  3:27  SCV x2  
  29  3:28  Barracks  
  29  3:33  Marine x2  
  32  3:38  Stimpack  
  32  3:39  SCV x2  
  34  3:51  SCV x2  
  36  4:00  Starport  
  36  4:03  SCV x2  
  38  4:12  Marine x2  
  38  4:15  Factory Reactor  
  40  4:17  Barracks Tech Lab  
  40  4:24  Barracks Tech Lab  
  38  4:41  Marine x2  
  39  4:52  SCV x2  
  41  4:56  Combat Shields  
  41  4:58  Concussive Shells  
  41  5:04  SCV  
  41  5:05  SCV  
  43  5:11  Refinery  
  43  5:13  Supply Depot  
  43  5:14  Supply Depot x2  
  43  5:16  Supply Depot, SCV  
  43  5:17  SCV  
  43  5:19  Marauder  
  45  5:30  Marine  
  45  5:35  Medivac, Widow Mine  
  46  5:36  Marauder x2  
  54  5:47  Marine  
  54  5:49  Supply Depot  
  55  5:50  Supply Depot x2  
  55  5:52  SCV x2, Supply Depot  
  55  5:53  Command Center  
  57  5:59  Medivac  
  57  6:02  Marauder x2  
  63  6:04  SCV x2  
  50  6:44  Marine  
  50  6:45  Marauder  
  50  6:46  Marauder  
  50  6:47  Medivac x2, Marauder  
  53  6:48  Widow Mine  
  59  6:57  SCV x2  
  61  7:06  Barracks  
  61  7:09  SCV x2, Barracks  
  61  7:10  Barracks, Orbital Command  
  61  7:13  Engineering Bay  
  61  7:15  Engineering Bay, Marauder x2  
  67  7:17  Marine, Marauder  
  69  7:25  Liberator x2  
  69  7:33  SCV x2  
  71  7:40  Factory Reactor  
  77  7:45  SCV x2  
  77  7:47  Armory  
  79  7:58  Refinery  
  79  8:00  Marauder  
  79  8:04  Marauder  
  79  8:05  Marauder  
  85  8:06  Barracks Reactor  
  85  8:07  Barracks Reactor  
  85  8:08  Barracks Reactor  
  85  8:12  Liberator  
  85  8:17  Orbital Command  
  85  8:28  Supply Depot  
  85  8:29  Supply Depot  
  85  8:31  Supply Depot  
  85  8:32  Marauder x2  
  92  8:34  Marine  
  92  8:36  Marine  
  57  9:31  Marine x4  
  55  9:32  Marauder x2  
  55  9:36  Barracks Reactor  
Tags
 
Add a new tag
Caveats
  • Supply blocks, unpowered buildings, or Contaminate may cause inaccurate times.
  • Supply counts are checked every 10 seconds.